 Dungeon Crawl Stone Soup version 0.31-a0-365-gcf821cafb2 (webtiles) character file.

Game seed: 12119690568415190163

65 CraigForest the Changeling (level 4, 0/4 HPs)
             Began as a Merfolk Shapeshifter on July 28, 2023.
             Frozen to death by an endoplasm (4 damage)
             ... on level 2 of the Dungeon.
             The game lasted 00:11:36 (913 turns).

CraigForest the Changeling (Merfolk Shapeshifter)    Turns: 913, Time: 00:11:37

Health: 0/4        AC: 12    Str: 27    XL:     4   Next: 13%
Magic:  4/4        EV:  8    Int:  7    God:
Gold:   79         SH:  0    Dex: 14    Spells: 3/3 levels left

rFire   + +          .
                       - Unarmed
rCold   x . .        (shield currently unavailable)
rNeg    . . .        f - melded +0 ring mail
rPois   +            (helmet currently unavailable)
rElec   .            (cloak currently unavailable)
rCorr   .            (gloves currently unavailable)
SInv    .            (boots currently unavailable)
Will    .....        (no amulet)
Stlth   +            (no ring)
HPRegen 0.20/turn    (no ring)
MPRegen 0.09/turn

%: no passive effects
@: short of breath, dragon-form, flying
A: dragon claw, dragon scales, breathe fire, flying, reduced hp, giant, (nimble
swimmer 2), (mertail)
a: Breathe Fire, Begin Untransformation


You were on level 2 of the Dungeon.
You were a fearsome dragon!
You visited 1 branch of the dungeon, and saw 2 of its levels.

You collected 79 gold pieces.

Inventory:

Hand Weapons
 d - a +0 dagger
 k - a +2 dagger of pain
 m - a +1 dagger of holy wrath
Missiles
 p - 5 poisoned darts
Armour
 a - a +0 animal skin
 e - a +0 robe
 f - a +0 ring mail (melded)
 j - a +2 pair of boots
 l - a +0 helmet
Talismans
 c - a beast talisman
 g - a dragon-blood talisman
Scrolls
 i - a scroll of poison {unknown}
 n - a scroll of blinking {unknown}
 o - a scroll of identify {unknown}
Potions
 b - a potion of lignification
 h - a potion of curing {unknown}
 q - a potion of attraction {unknown}


   Skills:
 + Level 1.1 Fighting
 + Level 3.1 Dodging
 - Level 4.0 Unarmed Combat
 + Level 5.2 Shapeshifting


You had 3 spell levels left.
You didn't know any spells.
Your spell library contained the following spells:

 Spells                   Type           Power      Damage    Failure   Level
 Scorch                   Fire           0%         2d5       56%         2
 Flame Wave               Conj/Fire      0%         2d4       99%         4
 Summon Cactus Giant      Summ           0%         N/A       100%        6


Dungeon Overview and Level Annotations

Branches:
Dungeon (2/15)

Altars:


Innate Abilities, Weirdness & Mutations

You are a fearsome dragon!
You have a powerful clawing attack.
Your giant scaled body is strong and resiliant, but less evasive.
You can breathe fire.
You are flying.
Your maximum health is decreased, since you lack skill for your form.
Your armour is entirely melded.
You are incapable of wielding weapons or throwing items.
((You are very nimble when in or above water. (Stealth+, EV+, Speed+++)))
((Your lower body shifts to a powerful aquatic tail in water.))


Message History

You breathe a blast of fire.
The fiery breath hits the giant cockroach!
You kill the giant cockroach!
A kobold comes into view. It is wielding a +0 dagger.
The kobold shouts!
You can't do that yet.
You claw the kobold!
You kill the kobold!
Found a stone staircase leading down.
You have got your breath back.
You see here a +0 dagger.
Found a glowing robe, 5 poisoned darts and a fuming emerald potion.
A bat comes into view.
You see here a +1 robe of cold resistance.
A frilled lizard comes into view.
An endoplasm comes into view.
You see here 5 poisoned darts.
p - 5 poisoned darts The frilled lizard hisses angrily.
A hobgoblin comes into view.
You see here a fuming emerald potion.
q - a fuming emerald potion The hobgoblin shouts!
Aiming: Breathe Fire (1% risk of failure)
Press: ? - help, Q - select action, (/) - cycle Shift-Dir - straight line, f - frilled lizard
Aim: a frilled lizard (48% to hit)
You breathe a blast of fire.
The fiery breath hits the hobgoblin!
You kill the hobgoblin!
The fiery breath misses the frilled lizard.
The frilled lizard is engulfed in blazing flames.
You kill the frilled lizard!
You hit the bat. You tail-slap the bat.
You kill the bat!
The endoplasm quivers.
You hit the endoplasm.
The endoplasm is almost dead.
The endoplasm freezes you.
You are frozen.
You feel a terrible chill!
Ouch! That really hurt!
You die...

,,,,,*,,,,,*,,,,...#...#.##.##.#
****,***,,>,,*####.#...#.##.##.##
****,* *,***,*#........#.##......
,,**,* *,* #,*#.......##.#####.##
*,**,***,* #.##..........#####.#
*,,,,,,,,* #...........#.......#*
,,,,,***** **,#....[............*
****** ####.#...†...##.####...,
*#...○.JD.....##.# #.#.*
*......#.###.....# #.*.#
*..##..#.# ##.#### *,*,*
*,,#..,#.#**#.#*** *,,,,
*,,#.*,#.#,,...,,* *,,,,
*,,.J,,..#,,....,* *,*,*
****,**###,,,,,..* **,*,* *,*
*,,,,,,,* *,,,,* *,** *,,,,,,<*
*,,***


You could see an endoplasm.

Vanquished Creatures
  Robin (D:2)
  An adder (D:2)
  2 dart slugs (D:1)
  An endoplasm (D:1)
  2 giant cockroaches (D:2)
  9 goblins (D:2)
  6 hobgoblins
  A quokka (D:1)
  3 ball pythons (D:2)
  3 bats
  3 frilled lizards
  4 kobolds
  3 rats (D:1)
39 creatures vanquished.

Notes
Turn   | Place    | Note
-------+----------+-------------------------------------------
     0 | D:1      | CraigForest the Merfolk Shapeshifter began the quest for
                  | the Orb.
     0 | D:1      | Reached XP level 1. HP: 15/15 MP: 1/1
   213 | D:1      | Reached XP level 2. HP: 21/21 MP: 2/2
   582 | D:2      | Reached XP level 3. HP: 3/26 MP: 3/3
   686 | D:2      | Noticed Robin
   700 | D:2      | Reached skill level 5 in Shapeshifting
   707 | D:2      | Killed Robin
   712 | D:2      | Reached XP level 4. HP: 4/32 MP: 4/4
   913 | D:2      | Frozen to death by an endoplasm

Illustrated notes

Levels and vault maps discovered:
D:1:      amcnicky_arrival_gap_in_the_tavern_cellar, layout_basic
D:2:      layout_loops_cross, uniq_robin

Skill      XL: |  1  2  3 |
---------------+----------+-----
Dodging        | 3 |  3.1
Shapeshifting  | 5 |  5.2
Unarmed Combat | 4 |  4.0
Fighting       | |  1.1

Action                     |  1- 3 |  4- 6 || total
---------------------------+-------+-------++-------
  Melee: Unarmed           |    42 |     4 ||    46
         Bite              |     1 |       ||     1
         Tailslap          |     1 |     1 ||     2
Ability: Breathe Fire      |     7 |     2 ||     9
    Use: Scroll            |     2 |       ||     2
 Armour: Animal skin       |     1 |       ||     1
         Skin              |     9 |       ||     9
         Ring mail         |     4 |       ||     4
  Dodge: Dodged            |    13 |       ||    13
   Form: Dragon            |     1 |       ||     1

Table legend: (Time is in decaauts)
 A = Elapsed time spent in this place.
 B = Non-inter-level travel time spent in this place.
 C = Inter-level travel time spent in this place.
 D = Time resting spent in this place.
 E = Time spent auto-exploring this place.
 F = Levels seen in this place.
 G = Mean time per level.
                   A        B        C        D        E       F      G
               +--------+--------+--------+--------+--------+-----+--------+
         Total |    910 |    430 |    480 |      0 |    143 |   2 |  455.0 |
       Dungeon |    910 |    430 |    480 |      0 |    143 |   2 |  455.0 |
               +--------+--------+--------+--------+--------+-----+--------+

Top non-repeatable levels by time:
     D:1: 508 daAuts
     D:2: 402 daAuts
